Map: [ESL] Oceanborn

Players

SHIN

  • Race: Zerg Zerg
  • Spawn Location: 11:00

Dark - Winner!

  • Race: Zerg Zerg
  • Spawn Location: 5:00

Event: IEM Katowice 2024

VOD

Have the link to the VOD?

Description

Time

  • Played on: Feb. 11, 2024, 7:02 a.m.
  • Length: 12:59

All games in this series

Show
View Real Time Build Order
Export as new Build Order

SHIN Zerg 

Build Orders: Hatch First 

Get SALT Encoding   

  12  0:00  Drone  
  13  0:12  Overlord  
  13  0:16  Drone  
  14  0:30  Drone x2  
  16  0:47  Hatchery  
  15  0:51  Drone  
  15  0:55  Drone  
  17  0:58  Drone  
  18  1:09  Extractor  
  17  1:13  Spawning Pool  
  17  1:15  Drone  
  17  1:19  Drone  
  18  1:28  Drone  
  19  1:45  Drone  
  20  1:49  Drone  
  21  1:59  Queen x2  
  21  2:00  Zergling x2, Overlord  
  26  2:10  Drone  
  26  2:11  Drone  
  28  2:16  Metabolic Boost  
  28  2:21  Drone x2  
  30  2:32  Drone x2  
  32  2:38  Hatchery  
  31  2:44  Baneling Nest  
  31  2:46  Drone  
  31  2:48  Drone  
  32  2:53  Drone  
  32  2:55  Overlord  
  33  3:04  Zergling x2  
  34  3:08  Zergling x4  
  34  3:09  Overlord  
  36  3:14  Zergling x6  
  36  3:15  Drone  
  36  3:19  Queen  
  40  3:24  Drone  
  40  3:25  Drone  
  44  3:31  Overlord  
  44  3:33  Drone  
  45  3:40  Roach Warren  
  44  3:42  Drone x2  
  44  3:44  Baneling  
  44  3:45  Drone x2  
  44  3:47  Drone  
  49  3:53  Drone x3  
  51  3:57  Overlord  
  51  4:03  Overlord  
  51  4:04  Extractor  
  50  4:20  Roach x7  
  50  4:21  Roach  
  50  4:23  Roach  
  67  4:30  Drone x2  
  69  4:31  Drone  
  69  4:32  Drone x2  
  69  4:36  Evolution Chamber  
  71  4:39  Drone x2  
  71  4:43  Drone  
  71  4:45  Drone  
  75  4:46  Drone  
  75  4:48  Lair  
  75  4:49  Drone x2  
  75  4:52  Drone  
  78  4:53  Drone  
  78  4:56  Overlord  
  79  5:01  Drone x2  
  79  5:02  Zerg Missile Weapons Level 1  
  79  5:06  Overlord  
  81  5:07  Extractor  
  81  5:08  Overlord  
  81  5:09  Extractor  
  81  5:11  Roach  
  81  5:13  Overlord  
  81  5:16  Roach  
  81  5:18  Roach x2  
  81  5:20  Roach  
  88  5:24  Overlord  
  88  5:25  Roach  
  90  5:29  Roach  
  90  5:34  Roach, Overlord  
  93  5:36  Drone x4  
  93  5:39  Drone x2  
  97  5:43  Drone x2  
  97  5:45  Drone  
  100  5:50  Extractor  
  100  5:51  Drone x2, Spire  
  100  5:54  Drone  
  100  5:55  Extractor  
  100  5:56  Drone x2  
  102  5:57  Drone  
  102  5:59  Drone  
  104  6:05  Glial Reconstitution  
  104  6:11  Overlord  
  104  6:12  Overseer  
  104  6:13  Drone x2  
  104  6:16  Roach x4  
  114  6:23  Overlord  
  114  6:28  Roach x2  
  114  6:29  Overlord  
  118  6:35  Roach x3  
  118  6:38  Hatchery  
  123  6:40  Overlord  
  123  6:45  Overlord  
  123  6:49  Overlord  
  123  7:00  Drone  
  124  7:04  Mutalisk x6  
  124  7:07  Mutalisk  
  138  7:13  Mutalisk  
  140  7:18  Drone  
  140  7:20  Overlord x2  
  140  7:21  Mutalisk  
  143  7:29  Overlord  
  143  7:32  Zerg Missile Weapons Level 2  
  143  7:35  Drone x5  
  148  7:42  Overlord  
  152  7:56  Extractor  
  152  7:57  Extractor  
  152  7:58  Roach x10  
  170  8:02  Roach x5  
  176  8:10  Roach x2  
  176  8:11  Overlord  
  177  8:14  Roach, Queen  
  177  8:17  Roach x2, Hydralisk Den  
  177  8:18  Roach  
  186  8:21  Overlord  
  186  8:22  Roach  
  186  8:23  Spore Crawler, Roach  
  186  8:25  Ravager x2  
  191  8:27  Overlord, Ravager  
  191  8:29  Overlord  
  191  8:30  Overlord  
  190  8:34  Ravager x2  
  190  8:37  Drone x3  
  190  8:38  Overlord  
  192  8:41  Overlord  
  192  8:42  Overlord x2  
  192  8:49  Spore Crawler  
  192  8:50  Roach x4  
  199  8:56  Grooved Spines  
  199  9:00  Roach  
  197  9:06  Roach  
  197  9:07  Roach x4  
  197  9:09  Roach  
  199  9:12  Roach  
  199  9:14  Roach x2  
  199  9:16  Roach x2  
  191  9:19  Hydralisk x3  
  194  9:24  Hydralisk  
  194  9:25  Roach  
  194  9:26  Hydralisk  
  194  9:29  Hydralisk  
  200  9:33  Hydralisk  
  200  9:34  Roach  
  200  9:37  Roach  
  183  9:40  Roach x2  
  183  9:43  Roach  
  183  9:45  Hydralisk  
  184  9:49  Burrow  
  184  9:50  Tunneling Claws  
  184  9:57  Hydralisk x2  
  188  10:05  Hatchery  
  187  10:07  Hydralisk  
  189  10:17  Roach x6  
  195  10:23  Roach  
  195  10:25  Roach  
  198  10:31  Roach  
  196  10:46  Roach x2  
  196  10:48  Overlord x2  
  196  10:53  Roach x2  
  196  10:58  Roach  
  196  11:01  Roach  
  196  11:03  Roach x3  
  196  11:04  Roach  
  190  11:06  Hatchery  
  190  11:08  Roach  
  171  11:12  Roach  
  171  11:17  Hatchery  
  141  11:19  Roach  
  141  11:22  Roach  
  127  11:29  Roach  
  127  11:32  Roach, Queen  
  123  11:33  Roach  
  123  11:35  Queen  
  123  11:39  Spore Crawler  
  128  11:40  Roach  
  128  11:46  Ravager x13  
  143  11:51  Roach x2  
  147  11:57  Spore Crawler, Roach  
  147  12:00  Overseer  
  148  12:02  Roach  
  148  12:08  Roach  
  152  12:12  Roach x11  
  156  12:17  Roach x2  
  137  12:27  Roach x2  
  137  12:29  Roach x2  
  130  12:32  Overseer  
  130  12:34  Roach  
  130  12:36  Roach  
Show
View Real Time Build Order
Export as new Build Order

Dark Zerg - Winner!

Build Orders: Hatch First 

Get SALT Encoding   

  12  0:00  Drone  
  13  0:12  Overlord  
  13  0:17  Drone  
  14  0:31  Drone x2  
  16  0:47  Hatchery  
  15  0:51  Drone  
  15  0:54  Drone  
  17  0:58  Drone  
  18  1:08  Extractor  
  17  1:14  Spawning Pool  
  17  1:16  Drone  
  17  1:20  Drone  
  18  1:28  Drone  
  19  1:40  Drone  
  20  1:50  Drone  
  21  2:00  Queen x2  
  21  2:01  Zergling x2  
  26  2:02  Overlord  
  26  2:10  Drone  
  26  2:11  Drone  
  26  2:12  Metabolic Boost  
  28  2:21  Drone x2  
  30  2:32  Drone  
  30  2:35  Zergling x2  
  32  2:39  Hatchery  
  31  2:48  Baneling Nest  
  31  2:50  Drone  
  31  2:51  Overlord  
  31  2:58  Queen  
  31  3:02  Drone  
  31  3:05  Drone  
  35  3:08  Drone  
  35  3:10  Drone  
  35  3:11  Drone  
  38  3:14  Zergling x2  
  38  3:17  Overlord  
  39  3:20  Zergling x2  
  39  3:22  Zergling x2  
  39  3:24  Drone  
  42  3:30  Drone  
  42  3:31  Drone  
  44  3:35  Baneling  
  44  3:37  Zergling x4  
  46  3:42  Drone x3  
  46  3:43  Drone  
  50  3:49  Drone, Roach Warren  
  50  3:57  Drone x3  
  50  4:00  Drone x2  
  54  4:03  Extractor  
  54  4:04  Zergling x4  
  54  4:05  Extractor  
  54  4:10  Drone  
  54  4:14  Drone x2  
  57  4:18  Drone  
  57  4:20  Overlord  
  57  4:22  Baneling x2  
  57  4:23  Overlord  
  57  4:33  Overlord  
  61  4:38  Roach x3  
  61  4:39  Roach  
  65  4:46  Evolution Chamber  
  65  4:49  Roach x2  
  65  4:50  Roach  
  65  4:51  Lair  
  65  4:52  Roach x2  
  74  4:54  Roach  
  74  4:57  Roach  
  74  4:59  Roach  
  80  5:01  Drone  
  80  5:03  Drone  
  80  5:05  Overlord  
  82  5:09  Overlord  
  82  5:12  Zerg Missile Weapons Level 1  
  82  5:23  Overlord x2  
  82  5:24  Drone x5  
  87  5:32  Drone x5  
  87  5:34  Drone  
  87  5:35  Drone  
  94  5:37  Drone  
  94  5:38  Drone  
  94  5:39  Drone  
  97  5:46  Roach x2  
  97  5:48  Overseer  
  101  5:50  Glial Reconstitution  
  101  5:51  Roach  
  101  5:55  Extractor  
  101  5:56  Extractor  
  101  5:58  Overlord  
  101  6:00  Overlord  
  101  6:02  Roach x2  
  105  6:04  Roach x2  
  105  6:05  Roach  
  105  6:08  Drone x3  
  113  6:14  Drone, Spire  
  113  6:15  Extractor  
  113  6:16  Drone  
  113  6:17  Drone x2  
  115  6:23  Drone x2  
  117  6:29  Drone x2  
  117  6:31  Drone x2  
  117  6:32  Roach x2  
  125  6:41  Overlord  
  125  6:43  Roach x2  
  129  6:54  Overlord x2  
  129  6:57  Hatchery  
  128  7:02  Roach x4  
  128  7:06  Zerg Missile Weapons Level 2  
  136  7:09  Overlord x3  
  136  7:25  Corruptor x7  
  150  7:31  Corruptor  
  150  7:35  Roach x2  
  156  7:37  Spore Crawler  
  156  7:40  Spore Crawler x2  
  156  7:41  Overlord x2  
  156  7:44  Roach x2  
  157  7:46  Roach  
  159  7:54  Roach x4  
  166  7:59  Overlord x2  
  166  8:01  Roach x2  
  166  8:02  Roach  
  172  8:06  Roach  
  172  8:07  Roach x2  
  179  8:14  Hatchery  
  179  8:18  Roach x5  
  188  8:24  Roach x3  
  194  8:34  Ravager x5  
  195  8:43  Overlord  
  195  8:44  Spore Crawler  
  195  8:46  Overlord  
  195  8:47  Overlord x2  
  193  8:53  Overlord  
  193  8:58  Overlord  
  193  9:04  Overlord  
  193  9:09  Roach x5  
  199  9:11  Roach  
  199  9:13  Roach  
  199  9:17  Roach x2  
  199  9:23  Zerg Ground Armor Level 1  
  197  9:29  Roach  
  195  9:35  Roach x4  
  195  9:38  Roach  
  195  9:40  Burrow, Tunneling Claws  
  195  9:44  Pneumatized Carapace  
  195  9:46  Roach x2  
  195  9:50  Overlord  
  199  9:59  Hydralisk Den  
  196  10:23  Roach  
  191  10:28  Roach  
  191  10:30  Roach  
  191  10:31  Roach x5  
  191  10:33  Roach  
  199  10:38  Roach  
  199  10:39  Roach  
  199  10:42  Roach x2  
  196  10:44  Roach x5  
  196  10:46  Roach x4  
  200  10:53  Roach x3  
  200  10:56  Roach  
  200  10:57  Roach  
  198  10:59  Roach  
  198  11:00  Queen x2  
  198  11:02  Roach x5  
  198  11:04  Roach  
  198  11:08  Roach  
  176  11:13  Roach x3  
  176  11:17  Roach x3  
  176  11:18  Roach  
  165  11:22  Roach x25  
  165  11:23  Roach  
  165  11:24  Roach x3  
  165  11:25  Roach  
  165  11:27  Roach  
  165  11:30  Overseer  
  165  11:35  Roach x3  
  167  11:41  Ravager x6  
  167  11:42  Drone x2  
  167  11:45  Roach  
  177  11:47  Roach  
  177  11:49  Roach  
  181  11:56  Overseer  
  181  11:59  Roach x3  
  187  12:03  Roach  
  187  12:08  Roach x3  
  195  12:15  Roach x2  
  193  12:23  Roach  
  193  12:24  Roach  
  193  12:25  Roach  
  193  12:26  Roach  
  193  12:32  Roach x3  
  197  12:39  Roach x3  
  199  12:44  Drone x7  

Tags
 
Add a new tag
Caveats
  • Supply blocks, unpowered buildings, or Contaminate may cause inaccurate times.
  • Supply counts are checked every 10 seconds.